 Dungeon Crawl Stone Soup version 0.29-a0-221-gceb61267dd (webtiles) character file.

Game seed: 6031805752389628485

5705 GabrielManson the Cruncher (level 10, -1/76 HPs)
             Began as a Gnoll Wanderer on Feb 26, 2022.
             Was an Initiate of Ru.
             Slain by an orange demon (3 damage)
             ... led by Amaemon
             ... on level 8 of the Dungeon.
             The game lasted 00:43:29 (9443 turns).

GabrielManson the Cruncher (Gnoll Wanderer)         Turns: 9443, Time: 00:43:30

Health: -1/76      AC: 15    Str: 21    XL:     10   Next: 76%
Magic:  0/19       EV:  5    Int:  9    God:    Ru [......]
Gold:   557        SH: 17    Dex: 15    Spells: 21/21 levels left

rFire   . . .      SeeInvis .   j - +5 whip (elec)
rCold   . . .      Faith    .   z - +3 tower shield
rNeg    + . .      Spirit   +   y - +2 plate armour
rPois   .          Reflect  .   l - +0 helmet
rElec   .          Harm     .   (no cloak)
rCorr   .          Rampage  .   (no gloves)
Will    .....                   (no boots)
Stlth   ..........              u - amulet of guardian spirit
HPRegen 0.22/turn               p - ring of positive energy
MPRegen 0.16/turn               q - +6 ring of strength

@: mighty, lethally poisoned (-1 -> -12), slowed, studying Stealth, unable to
read, very slow
A: fangs 1, strong nose, distributed training, inability to read while
threatened
a: Renounce Religion


You were on level 8 of the Dungeon.
You worshipped Ru.
Ru was noncommittal.
You visited 2 branches of the dungeon, and saw 9 of its levels.
You also visited: Sewer.

You collected 557 gold pieces.

Inventory:

Hand Weapons
 a - a +2 falchion
 j - a +5 whip of electrocution (weapon)
 v - a +2 spear of flaming
 G - a +2 spectral lajatang
Missiles
 i - 18 poisoned darts (quivered)
 s - 10 curare-tipped darts
 x - a throwing net
 A - 5 boomerangs
Armour
 l - a +0 helmet (worn)
 y - a +2 plate armour (worn)
 z - a +3 tower shield (worn)
Magical Staves
 n - a staff of air
Jewellery
 g - a +6 ring of intelligence
 p - a ring of positive energy (left hand)
 q - a +6 ring of strength (right hand)
 u - an amulet of guardian spirit (around neck)
Wands
 E - a wand of iceblast (6)
 J - a wand of charming (10)
 K - a wand of flame (13)
Scrolls
 d - a scroll of vulnerability {unknown}
 f - a scroll of amnesia
 h - a scroll of fog
 k - 2 scrolls of blinking
 m - 3 scrolls of identify
 o - 3 scrolls of acquirement {unknown}
 C - a scroll of summoning {unknown}
 D - a scroll of holy word {unknown}
Potions
 b - a potion of brilliance
 c - 2 potions of cancellation
 e - 2 potions of ambrosia
 r - a potion of might
 w - a potion of berserk rage {unknown}
 B - 2 potions of haste {unknown}
 F - a potion of attraction {unknown}
 H - a potion of lignification {unknown}


   Skills:
 + Level 6.2 Fighting
 + Level 5.6 Short Blades
 + Level 8.7 Long Blades
 + Level 5.6 Axes
 + Level 5.6 Maces & Flails
 + Level 5.6 Polearms
 + Level 8.7 Staves
 + Level 5.6 Slings
 + Level 5.6 Bows
 + Level 5.6 Crossbows
 + Level 6.2 Throwing
 + Level 5.6 Armour
 + Level 5.6 Dodging
 + Level 6.5 Stealth
 + Level 6.2 Shields
 + Level 5.6 Unarmed Combat
 + Level 6.3 Spellcasting
 + Level 4.6 Conjurations
 + Level 4.6 Hexes
 + Level 4.6 Summonings
 + Level 4.6 Necromancy
 + Level 4.6 Translocations
 + Level 4.6 Transmutations
 + Level 4.6 Fire Magic
 + Level 4.6 Ice Magic
 + Level 4.6 Air Magic
 + Level 4.6 Earth Magic
 + Level 4.6 Poison Magic
 + Level 6.1 Invocations
 + Level 5.6 Evocations


You had 21 spell levels left.
You didn't know any spells.
Your spell library contained the following spells:

 Spells                   Type           Power      Damage    Failure   Level
 Animate Skeleton         Necr           22%        N/A       100%        1
 Pain                     Necr           44%        1d6       100%        1
 Corpse Rot               Necr/Air       22%        N/A       100%        2
 Poisonous Vapours        Pois/Air       22%        N/A       100%        2
 Static Discharge         Conj/Air       11%        N/A       100%        2
 Vampiric Draining        Necr           11%        2d6       100%        3
 Dispel Undead            Necr           11%        3d9       100%        4
 Sticky Flame             Conj/Fire      11%        2d3       100%        4
 Agony                    Necr           11%        N/A       100%        5
 Excruciating Wounds      Necr           5%         N/A       100%        5


Dungeon Overview and Level Annotations

Branches:
Dungeon (8/15)             Temple (1/1) D:7           Sewer (visited)
   Lair: D:8-11

Altars:
Ashenzari
Cheibriados
Dithmenos
Elyvilon
Fedhas
Gozag
Hepliaklqana
Kikubaaqudgha
Makhleb
Nemelex Xobeh
Okawaru
Qazlal
Ru
Sif Muna
Trog
Uskayaw
Vehumet
Wu Jian
Xom
Yredelemnul
Zin

Shops:
D:4 (

Annotations:
D:8 Amaemon, Maurice


Innate Abilities, Weirdness & Mutations

You have very sharp teeth.
Your uncanny sense of smell can sniff out nearby items.
Your experience applies equally to all skills.
You sometimes lose the ability to read scrolls when taking damage.


Message History

You feel very sick. You block the scorpion's attack.
The scorpion stings you but does no damage. x2
The orange demon stings you but does no damage.
Amaemon hits you with a +0 demon whip of venom.
* * * LOW HITPOINT WARNING * * *
You are lethally poisoned!
You block Amaemon's attack. Amaemon tail-slaps you.
* * * LOW HITPOINT WARNING * * *
You block the scorpion's attack. x2
You feel much better.
You feel very sick.
You block the scorpion's attack. x2; You block the orange demon's attack.
You block Amaemon's attack. Amaemon claws you. Amaemon tail-slaps you.
* * * LOW HITPOINT WARNING * * *
The scorpion stings you but does no damage.
The scorpion barely misses you. The scorpion stings you.
* * * LOW HITPOINT WARNING * * *
The orange demon stings you but does no damage.
Amaemon gestures wildly while chanting.
You feel better.
You block the scorpion's attack. x2; The scorpion stings you.
* * * LOW HITPOINT WARNING * * *
The orange demon closely misses you. Amaemon hits you but does no damage.
Amaemon claws you!
* * * LOW HITPOINT WARNING * * *
Amaemon barely misses you. The scorpion barely misses you.
You block the scorpion's attack. x2; The scorpion barely misses you.
You whack Amaemon! Your bite misses Amaemon.
Amaemon is almost dead.
You block the scorpion's attack. The scorpion closely misses you.
You block the scorpion's attack. You block the orange demon's attack.
Amaemon barely misses you. x3; The scorpion stings you!
* * * LOW HITPOINT WARNING * * *
You block the scorpion's attack. The scorpion stings you.
* * * LOW HITPOINT WARNING * * *
You are lethally poisoned!
The scorpion poisons you!
The scorpion stings you but does no damage.
The orange demon stings you from afar.
You die...

#........
........
#..####..
........ #†..#
....... ##
##...## .....#
##.. #.....##
....#####....
#......#
#..##.......
#......##
##s.........#
........#
##ss64.....#
........#
##.s@#....###
### ###
........#
##..s###s.##
###.###..
..##...##
##...##
#..####........
..###.##
##...##
##.............
..# ### ##...##
#.............
..# ##...##
##.........###
...# ##...##
#......####
....###...##
#....###
....##...## ##
#..### #


You could see Amaemon, an orange demon (curare) and 5 scorpions.

Vanquished Creatures
  A two-headed ogre (D:6)
  Pikel (D:7)
  A manticore (D:8)
  Joseph (D:7)
  A wraith (D:6)
  7 yaks (D:8)
  A steam dragon (D:8)
  A vampire mosquito (D:6)
  Menkaure (D:7)
  Duvessa (D:4)
  3 water moccasins
  2 black bears (D:6)
  2 ice beasts
  A necrophage (D:4)
  2 ogres
  2 phantoms (D:5)
  5 bullfrogs
  Blork the orc (D:6)
  2 scorpions (D:5)
  Dowan (D:4)
  2 howler monkeys (D:6)
  5 wights (D:6)
  Ijyb (D:4)
  A hound (D:7)
  An orc priest (D:8)
  2 iguanas (D:6)
  11 adders
  10 river rats
  A shadow imp (D:6)
  6 worms
  15 orcs
  11 bats
  9 endoplasms
  3 giant cockroaches
  7 goblins
  5 hobgoblins
  8 jackals
  5 quokkas
  3 training dummies (D:4)
  13 ball pythons
  6 frilled lizards
  8 kobolds
  29 rats
199 creatures vanquished.

Vanquished Creatures (others)
  An orc (D:8)
  2 demonic plants (D:2)
3 creatures vanquished.

Grand Total: 202 creatures vanquished

Notes
Turn   | Place    | Note
-------+----------+-------------------------------------------
     0 | D:1      | GabrielManson the Gnoll Wanderer began the quest for the
                  | Orb.
     0 | D:1      | GabrielManson set off with the following items: a +2
                  | falchion, a +0 quarterstaff, a +0 buckler, a +0 leather
                  | armour
     0 | D:1      | Reached XP level 1. HP: 17/17 MP: 4/4
   161 | D:1      | Reached XP level 2. HP: 23/23 MP: 5/5
   538 | D:1      | Reached XP level 3. HP: 28/28 MP: 7/7
   938 | D:1      | Reached skill level 1 in Invocations
  1338 | D:2      | Reached skill level 1 in Short Blades
  1338 | D:2      | Reached skill level 1 in Axes
  1338 | D:2      | Reached skill level 1 in Maces & Flails
  1338 | D:2      | Reached skill level 1 in Polearms
  1338 | D:2      | Reached skill level 1 in Slings
  1338 | D:2      | Reached skill level 1 in Bows
  1338 | D:2      | Reached skill level 1 in Crossbows
  1338 | D:2      | Reached skill level 1 in Armour
  1338 | D:2      | Reached skill level 1 in Dodging
  1338 | D:2      | Reached skill level 1 in Stealth
  1338 | D:2      | Reached skill level 1 in Unarmed Combat
  1338 | D:2      | Reached skill level 1 in Evocations
  1555 | D:2      | Reached XP level 4. HP: 20/34 MP: 8/8
  1729 | D:2      | Found a faded altar of an unknown god.
  2123 | D:3      | Reached skill level 1 in Conjurations
  2123 | D:3      | Reached skill level 1 in Hexes
  2123 | D:3      | Reached skill level 1 in Summonings
  2123 | D:3      | Reached skill level 1 in Necromancy
  2123 | D:3      | Reached skill level 1 in Translocations
  2123 | D:3      | Reached skill level 1 in Transmutations
  2123 | D:3      | Reached skill level 1 in Fire Magic
  2123 | D:3      | Reached skill level 1 in Ice Magic
  2123 | D:3      | Reached skill level 1 in Air Magic
  2123 | D:3      | Reached skill level 1 in Earth Magic
  2123 | D:3      | Reached skill level 1 in Poison Magic
  2849 | D:4      | Noticed Ijyb
  2851 | D:4      | Paralysed by Ijyb for 6 turns
  2860 | D:4      | Paralysed by Ijyb for 6 turns
  2869 | D:4      | Paralysed by Ijyb for 5 turns
  2875 | D:4      | Killed Ijyb
  2876 | D:4      | Reached XP level 5. HP: 29/40 MP: 7/9
  3139 | D:4      | Noticed a necrophage
  3149 | D:4      | Killed a necrophage
  3150 | D:4      | Reached XP level 6. HP: 42/47 MP: 8/10
  3262 | D:4      | Found Goqa's Firing Range.
  3607 | D:4      | Noticed Duvessa
  3607 | D:4      | Noticed Dowan
  3622 | D:4      | Killed Duvessa
  3641 | D:4      | Killed Dowan
  4152 | D:5      | Entered Level 5 of the Dungeon
  4171 | D:5      | Reached XP level 7. HP: 29/52 MP: 6/12
  4621 | D:5      | Found a glowing drain.
  4626 | Sewer    | Entered a sewer
  4734 | Sewer    | Reached XP level 8. HP: 60/60 MP: 14/14
  4916 | Sewer    | Gained mutation: You sometimes lose the ability to read
                  | scrolls when taking damage. [potion of mutation]
  5729 | D:6      | Noticed Blork the orc
  5729 | D:6      | Noticed a two-headed ogre
  5734 | D:6      | Killed Blork the orc
  5745 | D:6      | Killed a two-headed ogre
  5746 | D:6      | Reached XP level 9. HP: 27/66 MP: 5/16
  5991 | D:6      | Reached skill level 5 in Spellcasting
  6193 | D:6      | Reached skill level 5 in Fighting
  6193 | D:6      | Reached skill level 5 in Throwing
  6193 | D:6      | Reached skill level 5 in Shields
  6717 | D:6      | Reached skill level 5 in Invocations
  6857 | D:7      | Noticed Pikel
  6866 | D:7      | Killed Pikel
  6867 | D:7      | Reached skill level 5 in Stealth
  6867 | D:7      | Reached XP level 10. HP: 71/74 MP: 18/18
  6879 | D:7      | Noticed Joseph
  6890 | D:7      | Killed Joseph
  7101 | D:7      | Noticed Menkaure
  7113 | D:7      | Killed Menkaure
  7114 | D:7      | Reached skill level 5 in Short Blades
  7114 | D:7      | Reached skill level 5 in Axes
  7114 | D:7      | Reached skill level 5 in Maces & Flails
  7114 | D:7      | Reached skill level 5 in Polearms
  7114 | D:7      | Reached skill level 5 in Slings
  7114 | D:7      | Reached skill level 5 in Bows
  7114 | D:7      | Reached skill level 5 in Crossbows
  7114 | D:7      | Reached skill level 5 in Armour
  7114 | D:7      | Reached skill level 5 in Dodging
  7114 | D:7      | Reached skill level 5 in Unarmed Combat
  7114 | D:7      | Reached skill level 5 in Evocations
  7546 | D:7      | Found a staircase to the Ecumenical Temple.
  7574 | Temple   | Entered the Ecumenical Temple
  7819 | Temple   | Became a worshipper of Ru the Awakened
  9237 | D:8      | Noticed a manticore
  9249 | D:8      | Killed a manticore
  9330 | D:8      | Noticed Maurice
  9394 | D:8      | Noticed Amaemon
  9394 | D:8      | Noticed an orange demon
  9443 | D:8      | HP: 2/76 [scorpion[Amaemon] (5)]
  9443 | D:8      | Slain by an orange demon

Illustrated notes

Levels and vault maps discovered:
D:1:      dpeg_arrival_pits, layout_loops_ring, minmay_quantized
D:2:      layout_rooms, dreamdust_ecumenical_altar_sealed_demon,
          kennysheep_generic_room_13
D:3:      layout_loops_ring, kennysheep_generic_room_10
D:4:      layout_basic, nicolae_shop_firing_range, uniq_duvessa, uniq_ijyb
D:5:      layout_rooms, lightli_sewer_entry_pipes
D:6:      layout_loops_ring, minmay_manual_moon, uniq_blork_the_orc
D:7:      layout_basic, minmay_temple_entry_mini_moons, uniq_pikel,
          uniq_menkaure, uniq_joseph
D:8:      layout_cave_pods, grunt_ministairs_1, uniq_gastronok, uniq_amaemon,
          uniq_maurice
Temple:   mainiacjoe_temple_hex_bubbles

Skill      XL: |  1  2  3  4  5  6  7  8  9 10 |
---------------+-------------------------------+-----
Invocations    | 1 2 3 4 5 6 |  6.1
Short Blades   | 1 2 3 4 5 |  5.6
Axes           | 1 2 3 4 5 |  5.6
Maces & Flails | 1 2 3 4 5 |  5.6
Polearms       | 1 2 3 4 5 |  5.6
Slings         | 1 2 3 4 5 |  5.6
Bows           | 1 2 3 4 5 |  5.6
Crossbows      | 1 2 3 4 5 |  5.6
Armour         | 1 2 3 4 5 |  5.6
Dodging        | 1 2 3 4 5 |  5.6
Stealth        | 1 2 3 5 6 |  6.5
Unarmed Combat | 1 2 3 4 5 |  5.6
Evocations     | 1 2 3 4 5 |  5.6
Spellcasting   | 3 4 5 6 |  6.3
Conjurations   | 1 2 3 4 |  4.6
Hexes          | 1 2 3 4 |  4.6
Summonings     | 1 2 3 4 |  4.6
Necromancy     | 1 2 3 4 |  4.6
Translocations | 1 2 3 4 |  4.6
Transmutations | 1 2 3 4 |  4.6
Fire Magic     | 1 2 3 4 |  4.6
Ice Magic      | 1 2 3 4 |  4.6
Air Magic      | 1 2 3 4 |  4.6
Earth Magic    | 1 2 3 4 |  4.6
Poison Magic   | 1 2 3 4 |  4.6
Fighting       | 3 4 5 6 |  6.2
Throwing       | 3 4 5 6 |  6.2
Shields        | 3 4 5 6 |  6.2
Long Blades    | 7 8 |  8.7
Staves         | 7 8 |  8.7

Action                   |  1- 3 |  4- 6 |  7- 9 | 10-12 || total
-------------------------+-------+-------+-------+-------++-------
Melee: Falchion          |   136 |    34 |       |       ||   170
       Bite              |    12 |    19 |    34 |    24 ||    89
       Quarterstaff      |    12 |       |       |       ||    12
       Whip              |     7 |   116 |   346 |   118 ||   587
Throw: Dart              |       |     1 |     8 |     7 ||    16
       Throwing net      |       |     1 |       |       ||     1
       Boomerang         |       |       |       |     4 ||     4
Evoke: Wand              |       |       |       |     2 ||     2
  Use: Scroll            |       |     7 |     7 |       ||    14
       Potion            |       |     1 |     3 |     7 ||    11
 Stab: Sleeping          |     2 |       |       |       ||     2
Armor: Leather armour    |    52 |       |       |       ||    52
       Scale mail        |     1 |     3 |       |       ||     4
       Plate armour      |       |    59 |   234 |    51 ||   344
Dodge: Dodged            |    77 |    11 |    30 |    23 ||   141
Block: Buckler           |    32 |     6 |       |       ||    38
       Tower shield      |       |    78 |   414 |   129 ||   621

Table legend: (Time is in decaauts)
 A = Elapsed time spent in this place.
 B = Non-inter-level travel time spent in this place.
 C = Inter-level travel time spent in this place.
 D = Time resting spent in this place.
 E = Time spent auto-exploring this place.
 F = Levels seen in this place.
 G = Mean time per level.
                   A        B        C        D        E       F      G
               +--------+--------+--------+--------+--------+-----+--------+
         Total |   9717 |   9717 |      0 |    426 |   6770 |  10 |  971.7 |
       Dungeon |   8549 |   8549 |      0 |    426 |   6102 |   8 | 1068.6 |
        Temple |    332 |    332 |      0 |      0 |    191 |   1 |  332.0 |
         Sewer |    836 |    836 |      0 |      0 |    477 |   1 |  836.0 |
               +--------+--------+--------+--------+--------+-----+--------+

Top non-repeatable levels by time:
     D:4: 1325 daAuts
     D:7: 1241 daAuts
     D:6: 1178 daAuts
     D:1: 1173 daAuts
     D:8: 1052 daAuts
     D:5: 878 daAuts
     D:2: 851 daAuts
     D:3: 847 daAuts
   Sewer: 836 daAuts
  Temple: 332 daAuts
